 Dungeon Crawl Stone Soup version 0.31-a0-986-g5e6e4ef867 (webtiles) character file.

Game seed: 16405757627617526187

87 oldriver the Trooper (level 4, -1/37 HPs)
             Began as a Mummy Fighter on Nov 13, 2023.
             Slain by an orc
             ... wielding a +0 mace
              (6 damage)
             ... on level 2 of the Dungeon.
             The game lasted 00:02:02 (1883 turns).

oldriver the Trooper (Mummy Fighter)                Turns: 1883, Time: 00:02:03

Health: -1/37      AC:  6    Str: 21    XL:     4   Next: 28%
Magic:  4/4        EV:  9    Int:  7    God:
Gold:   108        SH:  4    Dex: 11    Spells: 3/3 levels left

rFire   x . .        a - +0 flail
rCold   + . .        c - +0 buckler
rNeg    + + +        b - +0 scale mail
rPois   ∞            (no helmet)
rElec   .            (no cloak)
rCorr   .            (no gloves)
SInv    .            (no boots)
Will    .....        d - amulet of magic regeneration Stlth
                     (no ring)
HPRegen 0.26/turn    (no ring)
MPRegen 0.49/turn

%: faith
@: no status effects
A: cold resistance 1, negative energy resistance 3, torment resistance 2, heat
vulnerability 1, in touch with death 1, no potions, faith
a: no special abilities


You were on level 2 of the Dungeon.
You visited 1 branch of the dungeon, and saw 3 of its levels.

You collected 108 gold pieces.

Inventory:

Hand Weapons
 a - a +0 flail (weapon)
Missiles
 e - 2 javelins
 f - 9 poisoned darts
Armour
 b - a +0 scale mail (worn)
 c - a +0 buckler (worn)
Jewellery
 d - an amulet of magic regeneration (around neck)
Scrolls
 g - a scroll of fear
 h - a scroll of blinking
 i - a scroll of identify
 j - a scroll of acquirement {unknown}
 k - a scroll of poison {unknown}
 l - a scroll of immolation {unknown}
 m - a scroll of brand weapon {unknown}


   Skills:
 + Level 3.8 Fighting
 * Level 3.2 Maces & Flails
 - Level 2.4 Armour
 - Level 2.4 Shields


You had 3 spell levels left.
You didn't know any spells.
Your spell library contained the following spells:

 Spells                   Type           Power      Damage    Failure   Level
 Apportation              Tloc           0%         N/A       85%         1
 Jinxbite                 Hex            0%         N/A       94%         2
 Frozen Ramparts          Ice            0%         1d1       99%         3
 Petrify                  Tmut/Erth      0%         N/A       100%        4
 Alistair's Intoxication  Tmut/Pois      0%         N/A       100%        5
 Metabolic Englaciation   Hex/Ice        0%         N/A       100%        5


Dungeon Overview and Level Annotations

Branches:
Dungeon (3/15)

Altars:


Innate Abilities, Weirdness & Mutations

You are immune to poison.
Your flesh is cold resistant. (rC+)
You are immune to negative energy. (rN+++)
You are immune to unholy pain and torment.
You are vulnerable to heat. (rF-)
You are in touch with the powers of death.
You do not drink.
You have a special connection with the divine. (Faith)


Message History

You are too confused!
You are too confused!
You are too confused!
You completely miss the orc. The orc hits you with a +0 mace.
The orc wizard hits you but does no damage.
The orc hits you with a +0 mace.
You bump into the rock wall.
The orc wizard hits you but does no damage.
The orc closely misses you.
You bump into the rock wall.
The orc wizard barely misses you. The orc closely misses you.
You closely miss the orc wizard.
The orc wizard is severely wounded.
The orc wizard gestures at you while chanting.
The puff of flame hits you! The fire burns you terribly!
The orc hits you but does no damage.
You closely miss the orc wizard.
The orc wizard is severely wounded.
The orc wizard closely misses you. The orc hits you with a +0 mace.
You miss the orc wizard.
The orc wizard is severely wounded.
You feel less confused. You block the orc wizard's attack.
The orc closely misses you. You block the orc wizard's attack.
The orc barely misses you.
You barely miss the orc wizard.
The orc wizard is severely wounded.
The orc wizard completely misses you. The orc hits you with a +0 mace.
* * * LOW HITPOINT WARNING * * *
You closely miss the orc wizard.
The orc wizard is severely wounded.
The orc wizard casts a spell at you. The magic dart hits you.
* * * LOW HITPOINT WARNING * * *
You block the orc's attack.
You hit the orc wizard.
You kill the orc wizard!
The orc hits you with a +0 mace.
* * * LOW HITPOINT WARNING * * *
The orc hits you with a +0 mace.
You die...

# # # # # ### # ##.## #
#############.#.## #
#........o@)...#.#
#######.....#####.#...##
........>#### #.##.###
#######.## #.##...#
.....##.# #.####.#
...#.##)# ######.####.#####
##.#.##†# #...............#
#.#.##)####.####.####.###.#
#.#.##...........# #.# #.#


You could see an orc.

Vanquished Creatures
  An orc wizard (D:2)
  An adder (D:2)
  2 worms (D:2)
  A dart slug (D:2)
  2 orcs
  5 endoplasms
  3 giant cockroaches (D:1)
  7 goblins
  6 hobgoblins
  4 jackals (D:1)
  6 quokkas
  5 ball pythons
  8 bats
  3 frilled lizards
  A kobold (D:2)
  6 rats
61 creatures vanquished.

Notes
Turn   | Place    | Note
-------+----------+-------------------------------------------
     0 | D:1      | oldriver the Mummy Fighter began the quest for the Orb.
     0 | D:1      | Reached XP level 1. HP: 18/18 MP: 1/1
   156 | D:1      | Reached XP level 2. HP: 24/24 MP: 2/2
   390 | D:1      | Reached XP level 3. HP: 28/29 MP: 3/3
  1343 | D:2      | Reached XP level 4. HP: 33/37 MP: 4/4
  1883 | D:2      | Slain by an orc

Illustrated notes

Levels and vault maps discovered:
D:1:      tekkud_arrival_beachfront_property, layout_loops_ring
D:2:      layout_loops_ring, amethyst_killhole
D:3:      layout_rooms, lemuel_round_altar

Skill      XL: |  1  2  3 |
---------------+----------+-----
Maces & Flails | 2 3 |  3.2
Fighting       | |  3.8
Armour         | |  2.4
Shields        | |  2.4

Action                     |  1- 3 |  4- 6 || total
---------------------------+-------+-------++-------
  Melee: Flail             |   169 |    56 ||   225
    Use: Scroll            |     2 |       ||     2
 Armour: Scale mail        |   133 |    47 ||   180
  Dodge: Dodged            |    85 |    31 ||   116
  Block: Buckler           |    41 |    15 ||    56

Table legend: (Time is in decaauts)
 A = Elapsed time spent in this place.
 B = Non-inter-level travel time spent in this place.
 C = Inter-level travel time spent in this place.
 D = Time resting spent in this place.
 E = Time spent auto-exploring this place.
 F = Levels seen in this place.
 G = Mean time per level.
                   A        B        C        D        E       F      G
               +--------+--------+--------+--------+--------+-----+--------+
         Total |   1955 |   1901 |     54 |     39 |   1342 |   3 |  651.7 |
       Dungeon |   1955 |   1901 |     54 |     39 |   1342 |   3 |  651.7 |
               +--------+--------+--------+--------+--------+-----+--------+

Top non-repeatable levels by time:
     D:2: 993 daAuts
     D:1: 848 daAuts
     D:3: 113 daAuts
